 Dungeon Crawl Stone Soup version 0.29.1 (webtiles) character file.

Game seed: 17044603969948197670

5170 masschaos23 the Cleaver (level 10, -6/91 HPs)
             Began as a Hill Orc Fighter on Sept 14, 2022.
             Was an Elder of Beogh.
             Mangled by an iron imp (10 damage)
             ... summoned by a kobold demonologist
             ... on level 7 of the Dungeon.
             The game lasted 00:26:44 (8140 turns).

masschaos23 the Cleaver (Hill Orc Fighter)          Turns: 8140, Time: 00:26:45

Health: -6/91      AC:  0    Str: 24    XL:     10   Next: 59%
Magic:  10/10      EV: 11    Int:  8    God:    Beogh [****..]
Gold:   890        SH:  0    Dex: 10    Spells: 9/9 levels left

rFire   . . .      SeeInvis .   p - +3 hand axe
rCold   . . .      Faith    .   g - orb {*Rage}
rNeg    . . .      Spirit   .   (no body armour)
rPois   .          Reflect  .   (helmet restricted)
rElec   .          Harm     .   (no cloak)
rCorr   .          Rampage  .   (no gloves)
Will    .....      Rage     20% (no boots)
Stlth   +.........              (no amulet)
HPRegen 0.25/turn               (no ring)
MPRegen 0.12/turn               (no ring)

@: on berserk cooldown, slowed, invisible, very slow
A: antennae 1, talons 1
a: Renounce Religion, Smiting, Recall Orcish Followers


You were on level 7 of the Dungeon.
You worshipped Beogh.
Beogh was greatly pleased with you.
You visited 1 branch of the dungeon, and saw 7 of its levels.
You also visited: Ossuary.

You collected 890 gold pieces.

Inventory:

Hand Weapons
 a - a +0 war axe
 p - a +3 hand axe (weapon)
 z - a +2 quarterstaff of chaos
Missiles
 n - 2 javelins (quivered)
 v - 2 boomerangs
Armour
 b - a +0 scale mail
 c - a +0 buckler
 g - an orb of wrath (worn)
 m - a +0 helmet
 s - a +1 plate armour
 C - the +3 scale mail of Voedonuo {rPois rC+ Int+2}
   (You took it off a wight on level 6 of the Dungeon)

   Int:       It affects your intelligence (+2).
   rC:        It protects you from cold.
   rPois:     It protects you from poison.
Magical Staves
 f - a staff of air
Wands
 y - a wand of paralysis (13)
 A - a wand of digging (10)
 D - a wand of flame (25)
Scrolls
 j - 2 scrolls of teleportation
 k - 4 scrolls of enchant armour
 o - 4 scrolls of identify
 t - 2 scrolls of noise
 x - 2 scrolls of poison
 B - a scroll of acquirement
 E - a scroll of immolation {unknown}
 F - a scroll of fear
Potions
 d - a potion of might
 e - 3 potions of curing
 h - a potion of degeneration
 i - a potion of brilliance
 l - 2 potions of attraction
 q - a potion of mutation
 u - a potion of magic
 G - 2 potions of flight {unknown}


   Skills:
 + Level 9.6 Fighting
 + Level 13.3 Axes
 + Level 5.1 Throwing
 + Level 9.5 Armour
 - Level 1.0 Stealth
 + Level 7.3 Shields


You had 9 spell levels left.
You didn't know any spells.
Your spell library contained the following spells:

 Spells                   Type           Power      Damage    Failure   Level
 Necrotise                Necr           0%         1d4       41%         1
 Slow                     Hex            0%         N/A       41%         1
 Ensorcelled Hibernation  Hex/Ice        0%         N/A       54%         2
 Passwall                 Tmut/Erth      0%         N/A       54%         2
 Confusing Touch          Hex            0%         N/A       78%         3
 Swiftness                Air            0%         N/A       78%         3
 Vampiric Draining        Necr           0%         2d6       78%         3
 Fulminant Prism          Conj/Hex       0%         3d6       99%         4
 Hailstorm                Conj/Ice       0%         3d3       99%         4
 Ice Form                 Ice/Tmut       0%         N/A       99%         4
 Iskenderun's Mystic Bla  Conj/Tloc      0%         2d3       99%         4
 Agony                    Necr           0%         N/A       100%        5
 Lee's Rapid Deconstruct  Erth           0%         3d5*      100%        5
 Simulacrum               Ice/Necr       0%         N/A       100%        6


Dungeon Overview and Level Annotations

Branches:
Dungeon (7/15)             Temple (0/1) D:4         Ossuary (visited)

Altars:
Ashenzari
Fedhas
Qazlal
Sif Muna
Xom
The Shining One

Shops:
D:2 :   D:4 !


Innate Abilities, Weirdness & Mutations

You have a pair of small antennae on your head.
You have sharp toenails.


Message History

Beogh accepts your kill.
You hit the kobold demonologist.
The kobold demonologist is heavily wounded.
A cyclops comes into view.
You hit the kobold demonologist.
Your kick misses the kobold demonologist.
The kobold demonologist is severely wounded.
The kobold demonologist casts a spell.
Your orc wizard points at the kobold demonologist and mumbles some strange words.
The puff of flame misses your orc wizard.
The puff of flame hits the kobold demonologist.
Your orc wizard gestures at the kobold demonologist while chanting.
The kobold demonologist resists with some effort.
The cyclops throws a large rock.
The large rock hits you!!
* * * LOW HITPOINT WARNING * * *
You feel much better.
The kobold demonologist closely misses you.
Your orc wizard hits the kobold demonologist with a +0 dagger.
The kobold demonologist gestures wildly while chanting.
Your orc wizard closely misses the kobold demonologist.
You fade into invisibility!
The ufetubus hits you.
* * * LOW HITPOINT WARNING * * *
The ufetubus misses you.
The kobold demonologist completely misses you.
Your orc wizard hits the kobold demonologist but does no damage.
The iron imp hits you.
* * * LOW HITPOINT WARNING * * *
The ufetubus hits you.
* * * LOW HITPOINT WARNING * * *
The ufetubus closely misses you.
You feel better. The ufetubus closely misses you. x2
The kobold demonologist hits you with a +0 dagger.
* * * LOW HITPOINT WARNING * * *
Your orc wizard hits the kobold demonologist with a +0 dagger.
Your orc warrior's wounds heal themselves!
The ufetubus closely misses you. x2
The iron imp shouts, "Fly, thou fobbing crook-pated dewberry!"
The iron imp hits you!
You die...

##...##)....## #..###.รท..[##
o.##...#.### ..## .##..#.##.##.
:K.## ##..##..#..#.# 8[.. #+
#...#...##....# Y). #.#
#..##....#.....## .5 #..#
'..#..#).#...#C5##{##..# .
#..#....##..###.@#{#..# ..
#..##...#...#.##5K#..##..#..#
##..#..##..##..###o###..##..#.
.##.##.#..##.....ooo.........
..##.#...##.......oo........ .
...###'###......o............
..............#.#o#.#...#.#.#.###
..#.#####.....#o#.#.#...#.#.#....
..#.# ###...#.#o#.#............


You could see a cyclops (unable to see you), a kobold demonologist (unable to
see you, ally target), an iron imp (summoned, unable to see you), an ufetubus
(summoned, unable to see you), a friendly orc warrior, 2 friendly orc wizards
and a friendly orc.

Vanquished Creatures
  A two-headed ogre (D:7)
  A yak (D:7)
  Eustachio (D:6)
  Menkaure (D:5)
  The ghost of Wentworth the Chiller, an amateur DsIE (D:3)
  An orc warrior (D:7)
  A water moccasin (D:7)
  2 black bears
  2 ice beasts
  A sky beast (D:6)
  An ogre (D:5)
  2 bullfrogs
  3 scorpions
  2 necrophages
  9 wights
  A howler monkey (D:4)
  3 orc priests (D:7)
  5 centaur zombies (Ossuary)
  2 jellies
  Crazy Yiuf (D:4)
  2 hounds
  2 human skeletons (D:5)
  An iguana (D:6)
  3 orc wizards
  7 mummies (Ossuary)
  14 gnolls
  4 adders
  A shadow imp (D:7)
  2 white imps
  3 ufetubi
  5 adder zombies (Ossuary)
  2 worms
  3 dart slugs
  7 orcs
  11 bats
  7 endoplasms
  4 giant cockroaches
  5 hobgoblins
  8 jackals
  5 quokkas
  6 ball pythons
  4 frilled lizards
  7 goblins
  4 goblin zombies (Ossuary)
  2 hobgoblin zombies (Ossuary)
  10 kobolds
  6 kobold zombies (Ossuary)
  4 orc skeletons (D:5)
  An orc zombie (Ossuary)
  2 quokka zombies (Ossuary)
  4 rats
  5 rat zombies (Ossuary)
192 creatures vanquished.

Vanquished Creatures (collateral kills)
  A water moccasin (D:7)
  An orc priest (D:7)
  A hound (D:7)
  An orc wizard (D:7)
  A gnoll (D:7)
5 creatures vanquished.

Vanquished Creatures (others)
  An orc priest (D:7)
  2 orcs
3 creatures vanquished.

Grand Total: 200 creatures vanquished

Notes
Turn   | Place    | Note
-------+----------+-------------------------------------------
     0 | D:1      | masschaos23 the Hill Orc Fighter began the quest for the
                  | Orb.
     0 | D:1      | Reached XP level 1. HP: 19/19 MP: 1/1
   388 | D:1      | Reached XP level 2. HP: 24/27 MP: 2/2
   776 | D:1      | Reached skill level 3 in Axes
  1008 | D:1      | Reached XP level 3. HP: 33/33 MP: 3/3
  1615 | D:2      | Found Seenwocs's Book Boutique.
  1991 | D:3      | Reached skill level 4 in Axes
  1991 | D:3      | Reached XP level 4. HP: 36/40 MP: 4/4
  2191 | D:3      | Found a runed translucent gate.
  2192 | D:3      | Found a runed translucent gate.
  2192 | D:3      | Noticed Wentworth's ghost (amateur DsIE)
  2193 | D:3      | Found a runed translucent gate.
  2544 | D:3      | Became a worshipper of Beogh the Brigand
  2565 | D:3      | Reached skill level 1 in Stealth
  2565 | D:3      | Reached XP level 5. HP: 33/47 MP: 5/5
  2770 | D:3      | Found a stormy altar of Qazlal.
  3067 | D:4      | Reached skill level 5 in Axes
  3117 | D:4      | Reached XP level 6. HP: 29/53 MP: 6/6
  3329 | D:4      | Found a runed translucent door.
  3330 | D:4      | Noticed Crazy Yiuf
  3406 | D:4      | Found a broken altar of Ashenzari.
  3478 | D:4      | Reached skill level 6 in Axes
  3504 | D:4      | Found a staircase to the Ecumenical Temple.
  3576 | D:4      | Found Xyssecyt's Distillery.
  3580 | D:4      | Reached * piety under Beogh
  3883 | D:5      | Entered Level 5 of the Dungeon
  3883 | D:5      | Noticed an ice beast
  3891 | D:5      | Killed an ice beast
  3892 | D:5      | Reached skill level 5 in Fighting
  3892 | D:5      | Reached skill level 1 in Throwing
  3892 | D:5      | Reached skill level 5 in Armour
  3892 | D:5      | Reached XP level 7. HP: 61/61 MP: 7/7
  3908 | D:5      | Found a blossoming altar of Fedhas.
  3909 | D:5      | Gained mutation: You have sharp toenails. [potion of
                  | mutation]
  3909 | D:5      | Gained mutation: You have a pair of small antennae on your
                  | head. [potion of mutation]
  3921 | D:5      | Noticed Menkaure
  3930 | D:5      | Killed Menkaure
  3931 | D:5      | Reached skill level 7 in Axes
  4242 | D:5      | Identified a scroll of acquirement
  4242 | D:5      | Acquired 585 gold pieces
  4298 | D:5      | Reached XP level 8. HP: 32/69 MP: 8/8
  4319 | D:5      | Reached skill level 8 in Axes
  4486 | D:5      | Found a sand-covered staircase.
  4503 | Ossuary  | Entered an ossuary
  4543 | Ossuary  | Reached ** piety under Beogh
  4718 | Ossuary  | Reached skill level 9 in Axes
  4923 | Ossuary  | Reached *** piety under Beogh
  5588 | D:3      | Killed Wentworth's ghost
  5716 | D:4      | Killed Crazy Yiuf
  5717 | D:4      | Reached skill level 10 in Axes
  5958 | D:6      | Reached skill level 12 in Axes
  5958 | D:6      | Reached skill level 5 in Throwing
  5958 | D:6      | Reached XP level 9. HP: 82/82 MP: 9/9
  6336 | D:6      | Noticed Eustachio
  6343 | D:6      | Reached XP level 10. HP: 74/86 MP: 10/10
  6354 | D:6      | Killed Eustachio
  6665 | D:6      | Identified the +3 scale mail of Voedonuo {rPois rC+ Int+2}
  7140 | D:6      | Found a glowing golden altar of the Shining One.
  7676 | D:7      | Found a shimmering altar of Xom.
  7676 | D:7      | Found a shimmering blue altar of Sif Muna.
  7678 | D:7      | Found a stormy altar of Qazlal.
  7678 | D:7      | Found a broken altar of Ashenzari.
  7682 | D:7      | Reached skill level 13 in Axes
  8117 | D:7      | Reached **** piety under Beogh
  8118 | D:7      | Noticed a two-headed ogre
  8119 | D:7      | Noticed a kobold demonologist
  8127 | D:7      | Killed a two-headed ogre
  8136 | D:7      | Noticed a cyclops
  8137 | D:7      | HP: 4/91 [cyclops/large rock (35)]
  8139 | D:7      | HP: 1/91 [ufetubus[a kobold demonologist] (5)]
  8140 | D:7      | Mangled by an iron imp

Illustrated notes

Levels and vault maps discovered:
D:1:      psy_arrival_terrarium, layout_basic
D:2:      layout_rooms, serial_shops, nicolae_shop_waterfront,
          minmay_fountain_box, kennysheep_decorative_pillar, minmay_tromino_v4_c
D:3:      layout_basic, nicolae_qazlal_general_emergency, gammafunk_ghost_split,
          minmay_misc_feat_plants
D:4:      nicolae_cairo_tiling_large_dashed, layout_cave_pools,
          marbit_many_paths, minmay_temple_entry_drinking_statues, serial_shops,
          shop_statue, uniq_crazy_yiuf_cottage
D:5:      layout_rooms, fedhas_ov_isle_minmay, nicolae_ossuary_entry_catacombs,
          serial_bayou_ford_a, uniq_menkaure
D:6:      nicolae_cairo_tiling_very_big, layout_basic, general_overflow_altar,
          kennysheep_small_circle, uniq_eustachio
D:7:      minmay_the_grid_octo_triangle [minmay_the_grid_octo_odd_swirl,
          minmay_the_grid_octo_prize_star, minmay_the_grid_octo_shrine],
          layout_basic, solitary_fountain, minmay_misc_feat_chi,
          minmay_fractal_squares_diagonal_5, uniq_joseph

Skill      XL: |  1  2  3  4  5  6  7  8  9 10 |
---------------+-------------------------------+-----
Axes           | 3 4 5 6 7 12 13 | 13.3
Fighting       | 4 5 8 9 |  9.6
Armour         | 4 5 8 9 |  9.5
Stealth        | 1 |  1.0
Throwing       | 1 5 |  5.1
Shields        | 4 7 |  7.3

Action                   |  1- 3 |  4- 6 |  7- 9 | 10-12 || total
-------------------------+-------+-------+-------+-------++-------
Melee: War axe           |   144 |   153 |   197 |       ||   494
       Kick              |       |       |    56 |    31 ||    87
       Hand axe          |       |       |     7 |    99 ||   106
Throw: Boomerang         |       |    14 |       |       ||    14
       Javelin           |       |     1 |     2 |       ||     3
Invok: Convert to Beogh  |       |     1 |       |       ||     1
  Use: Scroll            |       |       |    16 |       ||    16
       Potion            |       |       |     4 |     3 ||     7
 Stab: Confused          |       |       |       |     3 ||     3
Armor: Scale mail        |    71 |     3 |       |       ||    74
       Plate armour      |       |   123 |   167 |    10 ||   300
Dodge: Dodged            |    70 |    36 |    74 |    37 ||   217
Block: Buckler           |    27 |    38 |    14 |       ||    79
